 Dungeon Crawl Stone Soup version 0.25-a0-1133-g93ebf739aa (webtiles) character file.

Game seed: 17559414332438060273, levelgen mode: classic

2 EnegeticOcto the Charlatan (level 1, 0/16 HPs)
             Began as a Minotaur Artificer on May 22, 2020.
             Succumbed to a kobold's poison
             ... on level 1 of the Dungeon.
             The game lasted 00:01:22 (71 turns).

EnegeticOcto the Charlatan (Minotaur Artificer)       Turns: 71, Time: 00:01:23

Health: 0/16       AC:  3    Str: 16    XL:     1   Next: 25%
Magic:  1/1        EV: 12    Int:  8    God:
Gold:   0          SH:  0    Dex: 10    Spells: 0/0 levels left

rFire    . . .     SeeInvis .   a - +0 short sword
rCold    . . .     Gourm    .   (no shield)
rNeg     . . .     Faith    .   b - +0 leather armour
rPois    .         Spirit   .   (helmet restricted)
rElec    .         Reflect  .   (no cloak)
rCorr    .         Harm     .   (no gloves)
MR       .....                  (no boots)
Stlth    +.........             (no amulet)
HPRegen  0.05/turn              (no ring)
MPRegen  0.07/turn              (no ring)

@: lethally poisoned (0 -> -5)
A: retaliatory headbutt, horns 2
a: no special abilities


You were on level 1 of the Dungeon.
You were not hungry.

You visited 1 branch of the dungeon, and saw 1 of its levels.

Inventory:

Hand Weapons
 a - a +0 short sword (weapon)
Armour
 b - a +0 leather armour (worn)
Wands
 c - a wand of flame (15) {@v4}
 d - a wand of enslavement (15)
 f - a wand of random effects (15)
Comestibles
 e - a ration


   Skills:
 + Level 1.6 Fighting
 - Level 1.1 Short Blades
 - Level 2.1 Dodging
 - Level 0.7 Stealth
 - Level 2.6 Evocations


You couldn't memorise any spells.
You didn't know any spells.
Your spell library was empty.

Dungeon Overview and Level Annotations

Branches:
Dungeon (1/15)

Altars:


Innate Abilities, Weirdness & Mutations

You reflexively headbutt those who attack you in melee.
You have a pair of horns on your head.


Message History

Welcome, EnegeticOcto the Minotaur Artificer.
Will you prevail where others failed? Will you find the Orb of Zot?
Press ? for a list of commands and other information.
Found a staircase leading out of the dungeon.
A hobgoblin comes into view. It is wielding a +0 club.
The hobgoblin shouts!
You hear a shout!
Found 10 gold pieces.
A hobgoblin is nearby!
A kobold comes into view. It is wielding a +1 dagger of venom.
The kobold shouts!
The hobgoblin hits you with a +0 club.
Found 10 gold pieces.
You hit the hobgoblin.
The hobgoblin is moderately wounded.
The hobgoblin closely misses you. You furiously retaliate!
You headbutt the hobgoblin. You hit the hobgoblin.
You kill the hobgoblin!
The kobold hits you but does no damage.
You are lethally poisoned!
You hit the kobold.
You kill the kobold!
You feel sick.
No target in view!
No target in view!
No target in view!
No target in view!
There is a lethal amount of poison in your body!
No target in view!
Evoke which item? (* to show all) (? for menu, Esc to quit)
Okay, then.
You feel sick.
You feel sick.
You feel sick.
Things that are here:
a +1 dagger of venom; a stone
Things that are here:
a +0 club; a hobgoblin corpse You feel sick.
You feel sick.
You see here 10 gold pieces.
* * * LOW HITPOINT WARNING * * *
You feel sick.
Found 16 stones.
Found 21 arrows and a ring mail.
* * * LOW HITPOINT WARNING * * *
You feel sick.
* * * LOW HITPOINT WARNING * * *
You feel sick.
* * * LOW HITPOINT WARNING * * *
You feel sick.
You see here a ring mail.
* * * LOW HITPOINT WARNING * * *
You feel sick.
You die...

....###......#.#####.#
#..##.......#.# #.#
#..#........#.# #.#
#.........#.#.# #.#
#.......(...#.# ..#
#######.[....#####.#
### ........#...## #.#
#######......#
#...@...######
#.#...........
#.#.....#####.
#.#.....# ..####### ##


There were no monsters in sight!

Vanquished Creatures
  A hobgoblin (D:1)
  A kobold (D:1)
2 creatures vanquished.

Notes
Turn   | Place    | Note
-------+----------+-------------------------------------------
     0 | D:1      | EnegeticOcto the Minotaur Artificer began the quest for the
                  | Orb.
     0 | D:1      | Reached XP level 1. HP: 16/16 MP: 1/1
    71 | D:1      | Succumbed to a kobold's poison

Illustrated notes

Levels and vault maps discovered:
D:1:      dpeg_arrival_ratfight, layout_loops_ring

Action                   || total
-------------------------++-------
Melee: Short sword       ||     3
Armor: Leather armour    ||     1
Dodge: Dodged            ||     1

Table legend:
 A = Non-vault XP
 B = Vault XP
 C = Vault XP percentage of total XP
 D = Non-vault monster count
 E = Vault monster count
 F = Vault count percentage of total count
                 A         B        C        D         E       F
            +---------+---------+-------+---------+---------+-------
      Total |       3 |       0 |   0.0 |       2 |       0 |   0.0
            +---------+---------+-------+---------+---------+-------
        D:1 |       3 |       0 |   0.0 |       2 |       0 |   0.0
            +---------+---------+-------+---------+---------+-------
